 Dungeon Crawl Stone Soup version 0.21.1-1-g345015f (webtiles) character file.

81 nulman the Skirmisher (level 4, -4/41 HPs)
             Began as a Hill Orc Monk on June 9, 2018.
             Killed from afar by Ijyb (21 damage)
             ... with a wand of acid (12)
             ... on level 3 of the Dungeon.
             The game lasted 00:11:11 (1486 turns).

nulman the Skirmisher (Hill Orc Monk)               Turns: 1486, Time: 00:11:12

Health: -4/41      AC:  5    Str: 14    XL:     4   Next: 40%
Magic:  4/4        EV:  1    Int: 10    God:
Gold:   114        SH:  7    Dex: 17    Spells: 3/3 levels left

rFire    . . .     SeeInvis .   a - +0 spear
rCold    . . .     Gourm    .   r - +0 shield
rNeg     . . .     Faith    .   d - +0 plate armour
rPois    .         Spirit   .   (no helmet)
rElec    .         Reflect  .   (no cloak)
rCorr    .         Harm     .   (no gloves)
MR       .....                  (no boots)
Stlth    ..........             (no amulet)
HPRegen  0.13/turn              (no ring)
MPRegen  0.09/turn              (no ring)

@: no status effects
A: thin skeletal structure 1, agile 1, deformed body
a: no special abilities


You were on level 3 of the Dungeon.
You were not hungry.

You visited 1 branch of the dungeon, and saw 3 of its levels.

You collected 114 gold pieces.

Inventory:

Hand Weapons
 a - a +0 spear (weapon)
Missiles
 k - 4 stones (quivered)
 n - 22 arrows
 q - 20 poisoned needles
Armour
 b - a +0 robe
 d - a +0 plate armour (worn)
 r - a +0 shield (worn)
Jewellery
 j - an uncursed ring of protection from magic {unknown}
Scrolls
 e - 4 scrolls of remove curse
 g - a scroll of identify {unknown}
 h - a scroll of magic mapping {unknown}
 i - 5 scrolls of teleportation {unknown}
 m - a scroll of enchant weapon {unknown}
 o - a scroll of noise {unknown}
Potions
 f - 2 potions of mutation
 l - a potion of lignification {unknown}
 p - 2 potions of curing {unknown}
Comestibles
 c - 2 rations


   Skills:
 + Level 4.7 Fighting
 + Level 4.5 Polearms
 * Level 1.4 Armour
 - Level 2.4 Dodging
 - Level 1.5 Stealth


You had 3 spell levels left.
You didn't know any spells.

Dungeon Overview and Level Annotations

Branches:
Dungeon (3/15)

Altars:
Elyvilon
Fedhas
Yredelemnul

Annotations:
D:3 Ijyb; tidbits's ghost, weakling GnEn


Innate Abilities, Weirdness & Mutations

You have a somewhat thin skeletal structure. (Dex +2, Stealth)
You are agile. (Dex +2)
Armour fits poorly on your strangely shaped body.


Message History

Your plate armour prevents you from hitting Ijyb.
You block tidbits's ghost's attack.
Ijyb zaps a wand.
The bolt of acid hits you!
You are splashed with acid!
The acid burns!
It is a wand of acid (12).
Okay, then.
It was a potion of mutation.
You feel extremely strange.
Your body twists and deforms.
Your bones become slightly less dense.
You feel agile. You block tidbits's ghost's attack. Ijyb hits you with a club.
Tidbits's ghost points at you and mumbles some strange words.
You resist with some effort.
You hear the brisk rusting of a very distant drain.
You are no longer glowing.
Tidbits's ghost casts a spell at you. You resist with some effort.
Tidbits's ghost points at you and mumbles some strange words.
You resist with some effort.
Ijyb zaps a wand.
The bolt of acid hits you!
Ouch! That really hurt!
You die...

#.#####.# ######..##
#.#
.........###.######
######..##g.........
##....W....#####
#(.....#.#.#
##.......#.#
#..######.# #.@# #
#..######.#
#.........#
##..%#######
##.....##
##.......##
#.........#
+.........'.
#.........###


You could see Ijyb and tidbits's ghost.

Vanquished Creatures
  2 adders (D:2)
  6 dart slugs
  A leopard gecko (D:1)
  2 giant cockroaches
  5 hobgoblins
  2 quokkas
  8 bats
  3 frilled lizards
  9 goblins
  5 kobolds
  7 rats
50 creatures vanquished.

Notes
Turn   | Place    | Note
-------+----------+-------------------------------------------
     0 | D:1      | nulman the Hill Orc Monk began the quest for the Orb.
     0 | D:1      | Reached XP level 1. HP: 19/19 MP: 1/1
   147 | D:1      | Reached XP level 2. HP: 27/27 MP: 2/2
   384 | D:1      | Reached XP level 3. HP: 26/34 MP: 3/3
   863 | D:2      | Reached skill level 1 in Armour
   890 | D:2      | Reached XP level 4. HP: 41/41 MP: 4/4
  1060 | D:2      | Found a basalt altar of Yredelemnul.
  1296 | D:2      | Found a blossoming altar of Fedhas.
  1373 | D:2      | Found a white marble altar of Elyvilon.
  1448 | D:3      | Noticed tidbits's ghost (weakling GnEn)
  1460 | D:3      | Noticed Ijyb
  1467 | D:3      | Gained mutation: Armour fits poorly on your strangely shaped body. [potion of mutation]
  1467 | D:3      | Gained mutation: You have a somewhat thin skeletal structure. (Dex +2, Stealth) [potion of mutation]
  1467 | D:3      | Gained mutation: You are agile. (Dex +2) [potion of mutation]
  1486 | D:3      | Killed from afar by Ijyb

Skill      XL: |  1  2  3 |
---------------+----------+-----
Fighting       | 4 |  4.7
Polearms       | 4 |  4.5
Armour         | 1 |  1.4
Dodging        | |  2.4
Stealth        | |  1.5

Action                   |  1- 3 |  4- 6 || total
-------------------------+-------+-------++-------
Melee: Spear             |   170 |    63 ||   233
  Use: Scroll            |       |     1 ||     1
       Potion            |       |     1 ||     1
  Eat: Chunk             |       |     2 ||     2
Armor: Plate armour      |   100 |    36 ||   136
Dodge: Dodged            |    34 |     5 ||    39
Block: Shield            |       |    21 ||    21
